 Dungeon Crawl Stone Soup version 0.19.1-1-g22dce08 (webtiles) character file.

61 ponk the Slinger (level 4, 0/29 HPs)
             Began as a Halfling Hunter on Jan 11, 2017.
             Was an Initiate of Fedhas.
             Slain by an adder (1 damage)
             ... on level 2 of the Dungeon.
             The game lasted 00:07:18 (1752 turns).

ponk the Slinger (Halfling Hunter)                  Turns: 1752, Time: 00:07:20

Health: 0/29       AC:  5    Str: 18    XL:     4   Next: 27%
Magic:  4/4        EV: 14    Int:  9    God:    Fedhas [......]
Gold:   81         SH:  4    Dex: 15    Spells: 0 memorised, 3 levels left

rFire  . . .     SeeInvis .     a - +1 hunting sling
rCold  . . .     Gourm    .     c - +0 leather armour
rNeg   . . .     Faith    .     x - +0 buckler
rPois  .         Spirit   .     (no helmet)
rElec  .         Reflect  .     (no cloak)
rCorr  .         Harm     .     (no gloves)
MR     .....                    v - +1 pair of boots
Stlth  +.........               (no amulet)
                                (no ring)
                                (no ring)

@: mighty, lethally poisoned (0 -> -5)
A: mutation resistance 1
a: Fungal Bloom, Renounce Religion


You were on level 2 of the Dungeon.
You worshipped Fedhas.
Fedhas was noncommittal.
You were not hungry.

You visited 1 branch of the dungeon, and saw 2 of its levels.

You collected 81 gold pieces.

Inventory:

Hand Weapons
 a - a +1 hunting sling (weapon)
 b - a +0 short sword
Missiles
 d - 15 sling bullets
 e - 58 bolts
 i - 24 stones (quivered)
 m - 85 arrows
Armour
 c - a +0 leather armour (worn)
 v - a +1 pair of boots (worn)
 x - a +0 buckler (worn)
Scrolls
 g - a scroll of recharging {unknown}
 j - 2 scrolls of identify {unknown}
 l - a scroll of enchant armour {unknown}
 q - a scroll of remove curse {unknown}
 r - a scroll of noise {unknown}
 t - 3 scrolls of teleportation {unknown}
Potions
 k - a potion of haste {unknown}
 s - a potion of heal wounds {unknown}
 u - a potion of invisibility {unknown}
 w - a potion of beneficial mutation {unknown}
Comestibles
 f - 2 bread rations
 n - 3 fruits
 o - 2 meat rations
 p - a beef jerky
 z - 2 chunks of flesh


   Skills:
 - Level 1.7 Fighting
 + Level 8.0 Slings
 - Level 2.2 Dodging
 - Level 1.1 Stealth


You had 3 spell levels left.
You didn't know any spells.

Dungeon Overview and Level Annotations

Branches:
Dungeon (2/15)

Altars:
Dithmenos
Fedhas
Zin


Innate Abilities, Weirdness & Mutations

You are small and have problems with some larger weapons.
You are somewhat resistant to further mutation.


Message History

You feel sick. You block the adder's attack. The adder misses you.
You feel sick. You block the adder's attack. The adder bites you.
* * * LOW HITPOINT WARNING * * *
You are lethally poisoned!
The adder poisons you! You block the adder's attack.
The adder barely misses you.
* * * LOW HITPOINT WARNING * * *
You feel sick. You block the adder's attack.
You walk carefully through the plants.
* * * LOW HITPOINT WARNING * * *
You feel sick. The adder barely misses you.
The adder bites you but does no damage. The adder barely misses you.
* * * LOW HITPOINT WARNING * * *
You feel sick. The adder misses you.
It was a potion of might.
You feel very mighty all of a sudden. The adder bites you.
You die...
Fedhas appreciates your contribution to the ecosystem.

#.......# ########..
#......♣♣♣♣♣≈≈♣≈.....
##.≈≈≈≈♣♣♣≈≈♣≈≈♣♣≈≈♣#
#♣♣≈P♣≈≈≈≈P≈♣≈≈≈≈≈♣♣≈♣
#≈♣≈P≈≈≈≈♣≈≈P≈≈P≈P≈≈P♣
♣≈≈≈♣≈≈≈≈≈≈≈≈≈≈≈P≈≈≈≈
#♣♣♣≈≈≈≈K≈≈≈≈≈≈≈≈≈≈≈≈≈≈≈
♣≈≈P≈PSPP≈≈≈≈≈≈≈≈≈≈≈≈P≈≈
♣♣≈≈P≈≈@≈≈≈≈≈≈≈≈≈≈≈≈≈≈P≈
♣≈≈≈≈≈≈≈≈≈≈≈≈≈≈≈≈≈≈≈≈P≈
#P♣≈≈≈≈P≈≈≈≈≈≈≈≈≈≈≈≈≈≈≈≈
##≈♣≈≈♣≈≈♣≈≈≈≈≈≈≈≈≈≈≈≈≈≈
#≈≈≈≈≈≈≈P≈≈≈≈≈≈≈≈≈P♣≈≈♣
##♣♣P♣♣≈≈≈≈≈P≈≈≈≈♣♣♣P(≈
#♣ ♣≈♣≈♣♣≈≈♣♣ ♣♣.. ≈≈ ♣≈
....# #####


You could see an adder and a kobold.

Vanquished Creatures
  An adder (D:2)
  A worm (D:2)
  A dart slug (D:2)
  10 bats
  3 giant cockroaches
  10 goblins
  6 hobgoblins
  A ball python (D:2)
  3 frilled lizards
  4 kobolds (D:1)
  7 rats
47 creatures vanquished.

Notes
Turn   | Place    | Note
-------+----------+-------------------------------------------
     0 | D:1      | ponk the Halfling Hunter began the quest for the Orb.
     0 | D:1      | Reached XP level 1. HP: 14/14 MP: 1/1
   117 | D:1      | Reached skill level 6 in Slings
   354 | D:1      | Reached XP level 2. HP: 19/19 MP: 2/2
   832 | D:1      | Reached XP level 3. HP: 23/24 MP: 3/3
   867 | D:2      | Reached skill level 7 in Slings
   991 | D:2      | Found a blossoming altar of Fedhas.
  1090 | D:2      | Reached XP level 4. HP: 29/29 MP: 4/4
  1187 | D:2      | Found a glowing silver altar of Zin.
  1410 | D:2      | Found a shadowy altar of Dithmenos.
  1644 | D:2      | Became a worshipper of Fedhas Madash
  1717 | D:2      | Reached skill level 8 in Slings
  1751 | D:2      | HP: 1/29 [poisoned by an adder]
  1752 | D:2      | Slain by an adder

Skill      XL: |  1  2  3  4 |
---------------+-------------+-----
Slings         | 6 7 8 |  8.0
Fighting       | |  1.7
Dodging        | |  2.2
Stealth        | |  1.1

Action                   |  1- 3 |  4- 6 || total
-------------------------+-------+-------++-------
 Fire: Hunting sling     |    93 |    39 ||   132
  Use: Potion            |       |     1 ||     1
  Eat: Chunk             |       |     2 ||     2
Armor: Leather armour    |     8 |     6 ||    14
Dodge: Dodged            |    22 |    28 ||    50
Block: Buckler           |       |    10 ||    10
